 Dungeon Crawl Stone Soup version 0.29.1-12-g30fa7ad0bf (webtiles) character file.

Game seed: 1421096674990926730

6180 112233 the Nimble (level 10, 0/46 (48) HPs)
             Began as a Felid Earth Elementalist on Dec 27, 2022.
             Was a Believer of Vehumet.
             Killed from afar by Josephine (14 damage)
             ... with a ghostly fireball
             ... on level 12 of the Dungeon.
             The game lasted 00:16:23 (21188 turns).

112233 the Nimble (Felid Earth Elementalist)       Turns: 21188, Time: 00:16:24

HP:   0/46 (48)     AC:  2    Str:  4    XL:     10   Next: 60%
MP:   6/22          EV: 24    Int: 21    God:    Vehumet [**....]
Gold: 579           SH:  0    Dex: 17    Spells: 9/24 levels left
                                        Lives: 0   Deaths: 2

rFire   . . .      SeeInvis +   (weapon unavailable)
rCold   . . .      Faith    .   (shield unavailable)
rNeg    + . .      Spirit   .   (body armour unavailable)
rPois   .          Reflect  .   (helmet unavailable)
rElec   .          Harm     .   (cloak unavailable)
rCorr   .          Rampage  .   (gloves unavailable)
Will    ++++.      Clarity  +   (boots unavailable)
Stlth   ++........              D - amulet of the Four Winds {rN+ Will+++ Clar}
HPRegen 0.15/turn               (no ring)
MPRegen 0.18/turn               (no ring)

@: about to teleport, slowed, lightly drained, slow
A: very small, claws 1, fangs 3, see invisible, speed 1, shaggy fur 2, stealthy
paws, no weapons or thrown items, no armour, multi-lived
a: Renounce Religion


You were on level 12 of the Dungeon.
You worshipped Vehumet.
Vehumet was pleased with you.
You visited 1 branch of the dungeon, and saw 12 of its levels.
You also visited: Ossuary.

You collected 579 gold pieces.

Inventory:

Jewellery
 D - the amulet of the Four Winds (around neck) {rN+ Will+++ Clar}
   (You took it off an orc warrior on level 9 of the Dungeon)

   [amulet of nothing]

   rN:        It protects you from negative energy.
   Clar:      It protects you against confusion.
   Will:      It greatly increases your willpower.
 F - an amulet of the acrobat
Wands
 k - a wand of light (1)
 t - a wand of flame (20) (quivered)
 v - a wand of paralysis (11)
 E - a wand of digging (6)
 G - a wand of mindburst (5)
Scrolls
 b - a scroll of brand weapon {unknown}
 c - a scroll of vulnerability
 e - 6 scrolls of teleportation
 g - 4 scrolls of identify {unknown}
 l - a scroll of magic mapping {unknown}
 m - a scroll of enchant weapon {unknown}
 p - a scroll of blinking {unknown}
 r - 2 scrolls of amnesia {unknown}
 u - a scroll of acquirement {unknown}
 w - 3 scrolls of torment {unknown}
 x - 3 scrolls of fear {unknown}
 y - 2 scrolls of poison {unknown}
 B - a scroll of noise {unknown}
 C - a scroll of immolation {unknown}
 H - a scroll of fog {unknown}
 I - a scroll of silence {unknown}
Potions
 a - a potion of magic
 d - 3 potions of brilliance
 f - 2 potions of lignification {unknown}
 h - 3 potions of mutation {unknown}
 i - 4 potions of attraction {unknown}
 j - 2 potions of flight {unknown}
 n - 6 potions of berserk rage {unknown}
 o - 2 potions of might {unknown}
 q - 4 potions of degeneration {unknown}
 s - 3 potions of heal wounds
 z - 5 potions of curing
 A - a potion of ambrosia {unknown}


   Skills:
 + Level 7.9 Fighting
 + Level 10.8 Dodging
 - Level 2.8 Stealth
 + Level 7.6 Spellcasting
 + Level 6.8 Conjurations
 - Level 1.3 Transmutations
 + Level 9.6 Earth Magic


You had 9 spell levels left.
You knew the following spells:

 Your Spells              Type           Power      Damage    Failure   Level
a - Sandblast             Erth           96%        2d20      1%          1
b - Stone Arrow           Conj/Erth      84%        3d12      1%          3
c - Passwall              Tmut/Erth      25%        N/A       1%          2
d - Petrify               Tmut/Erth      30%        N/A       9%          4
e - Iskenderun's Battles  Conj           36%        2d9       14%         5

Your spell library contained the following spells:

 Spells                   Type           Power      Damage    Failure   Level
 Poisonous Vapours        Pois/Air       16%        N/A       13%         2
 Static Discharge         Conj/Air       22%        3-6/arc   3%          2
 Freeze                   Ice            32%        1d5       9%          1
 Mephitic Cloud           Conj/Pois/Air  17%        N/A       10%         3
 Ignite Poison            Fire/Tmut/Pois 9%         N/A       21%         3
 Hailstorm                Conj/Ice       22%        3d7       21%         4
 Sticky Flame             Conj/Fire      22%        2d4       21%         4
 Frozen Ramparts          Ice            16%        1d3       26%         3
 Gell's Gravitas          Tloc           8%         N/A       26%         3
 Teleport Other           Tloc           8%         N/A       26%         3
 Iron Shot                Conj/Erth      21%        9d5       41%         6
 Dispel Undead            Necr           8%         3d8       63%         4
 Freezing Cloud           Conj/Ice/Air   8%         6-21      65%         5
 Dispersal                Tloc           4%         N/A       100%        6
 Spellforged Servitor     Conj/Summ      11%        N/A       100%        7


Dungeon Overview and Level Annotations

Branches:
Dungeon (12/15)            Temple (0/1) D:5            Lair (0/5) D:9
Ossuary (visited)
    Orc: D:9-12

Altars:
Ashenzari
Cheibriados
Hepliaklqana
Makhleb
Qazlal
Ru
Uskayaw
Vehumet
Yredelemnul
The Shining One

Shops:
D:5 !

Annotations:
D:3 exclusions: downstairs and upstairs
D:4 1 runed translucent door, Grinder
D:9 4 runed translucent doors
D:11 exclusion: downstairs
D:12 Josephine


Innate Abilities, Weirdness & Mutations

You have sharp claws.
You have razor-sharp teeth.
You have supernaturally acute eyesight. (SInv)
You cover ground quickly. (Speed+)
You are covered in thick fur. (AC +2)
Your paws help you pounce on unaware monsters.
You are incapable of wielding weapons or throwing items.
You cannot wear armour.
You gain extra lives every three experience levels.


Message History

The stone arrow misses the brown ugly thing.
Aiming: Bolt of Light
Press: ? - help, Shift-Dir - straight line, f/p - brown ugly thing
Aim: a brown ugly thing (moderately wounded, 71% to hit)
The bolt of light hits the brown ugly thing!
The brown ugly thing is heavily wounded.
The brown ugly thing is blinded.
Unknown command.
Aiming: Bolt of Light
Press: ? - help, Shift-Dir - straight line, f/p - brown ugly thing
Aim: a brown ugly thing (heavily wounded, blind, 71% to hit)
The bolt of light hits the brown ugly thing!
The brown ugly thing is severely wounded.
The wraith closely misses you.
The wraith is sucked into a shaft!
The shaft crumbles and collapses.
Josephine shouts!
Josephine grins evilly.
You are no longer corroded.
Casting: Stone Arrow (safe; 1% risk of failure)
Confirm with . or Enter, or press ? or * to list all spells.
Aiming: Sandblast (safe; 1% risk of failure)
Press: ? - help, Shift-Dir - straight line, f - wraith
Aim: a wraith (85% to hit)
The blast of sand hits the wraith!
The wraith is moderately damaged.
Josephine screams, "I'll use your head as a decoration in my hut!"
The wraith hits you.
* * * LOW HITPOINT WARNING * * *
The wraith drains your vigour!
You feel yourself slow down.
As you read the scroll of teleportation, it crumbles to dust.
You feel strangely unstable. The wraith barely misses you.
Unknown command.
Found a stone staircase leading down.
Josephine gestures at you while chanting.
The ghostly flame explodes!
The ghostly fireball engulfs the wraith.
The wraith completely resists.
The ghostly fireball engulfs Josephine.
Josephine completely resists.
The ghostly fireball engulfs you! You partially resist.
You feel drained.
You die...

########.# #......#.#
#.####.#.# #.# #.#.#
##.####.#.# ##.##..@..#
.#.##.#°### .
...#.....###########...>
..............@W@.......
.....<.....#########....
.##.###.##.# .
####.#.###.# # ##.## #u#
### #.# #.# #.# #.#


You could see Josephine and a wraith.

Vanquished Creatures
  Snorg (D:11)
  3 two-headed ogres
  Pikel (D:6)
  Maggie (D:7)
  A gargoyle (D:10)
  Maurice (D:8)
  A komodo dragon (D:9)
  An efreet (D:9)
  A troll (D:11)
  A hornet (D:9)
  Sigmund (D:5)
  Grum (D:9)
  A vampire (D:11)
  17 yaks
  2 wyverns
  3 wraiths
  Menkaure (D:7)
  An acid dragon (D:10)
  2 water moccasins
  4 orc warriors
  2 black bears
  An ice beast (D:5)
  2 wolves (D:9)
  4 centaurs
  4 lemures (D:6)
  A phantom (D:6)
  4 kobold brigands
  2 bullfrogs
  An elf zombie (Ossuary)
  2 gnoll sergeants
  A wyvern zombie (D:6)
  5 scorpions
  2 necrophages
  5 wights (D:8)
  A killer bee (D:9)
  A bullfrog zombie (D:6)
  2 hounds
  2 human zombies
  3 gnoll boudas
  A jelly (D:5)
  5 orc wizards
  3 iguanas
  4 mummies
  Robin (D:4)
  18 gnolls
  2 adders
  A white imp (D:6)
  2 dart slugs
  21 orcs
  7 bats (D:1)
  5 endoplasms
  3 giant cockroaches
  6 hobgoblins
  9 jackals
  6 quokkas
  7 ball pythons
  2 frilled lizards (D:1)
  12 goblins
  2 goblin zombies (Ossuary)
  3 hobgoblin zombies (Ossuary)
  13 kobolds
  A kobold zombie (Ossuary)
  An orc zombie (Ossuary)
  4 rats
229 creatures vanquished.

Vanquished Creatures (others)
  An ugly thing (D:9)
  26 plants
27 creatures vanquished.

Grand Total: 256 creatures vanquished

Notes
Turn   | Place    | Note
-------+----------+-------------------------------------------
     0 | D:1      | 112233 the Felid Earth Elementalist began the quest for the
                  | Orb.
     0 | D:1      | Reached XP level 1. HP: 7/7 MP: 4/4
   314 | D:1      | Reached XP level 2. HP: 10/11 MP: 3/6
   349 | D:1      | Learned a level 2 spell: Passwall
   360 | D:1      | Reached skill level 3 in Dodging
   420 | D:1      | Found a faded altar of an unknown god.
   908 | D:2      | Reached XP level 3. HP: 15/15 MP: 4/7
  1189 | D:2      | Reached skill level 1 in Fighting
  1449 | D:2      | Reached XP level 4. HP: 19/19 MP: 2/8
  1613 | D:3      | Found a burning altar of Makhleb.
  2176 | D:3      | Learned a level 3 spell: Stone Arrow
  2319 | D:3      | Noticed a +0 falchion
  2319 | D:3      | Noticed a +0 short sword
  2320 | D:3      | Noticed a +0 dagger
  2320 | D:3      | Noticed a +0 short sword
  2320 | D:3      | Noticed a +0 spear
  2321 | D:3      | Noticed a +0 falchion
  2321 | D:3      | Noticed a +0 dagger
  2323 | D:3      | Noticed a +0 spear
  2333 | D:3      | Found a hide-covered altar of Uskayaw.
  3237 | D:2      | Reached XP level 5. HP: 15/22 MP: 1/10
  3523 | D:3      | HP: 1/22 [iguana (10)]
  3528 | D:3      | Reached skill level 4 in Dodging
  3760 | D:5      | Entered Level 5 of the Dungeon
  4128 | D:4      | HP: 1/20 [iguana (13)]
  4729 | D:4      | Reached skill level 1 in Conjurations
  4729 | D:4      | Gained mutation: You are covered in thick fur. (AC +2)
                  | [Felid growth]
  4729 | D:4      | Reached XP level 6. HP: 27/27 MP: 7/11
  5161 | D:4      | Found a stormy altar of Qazlal.
  5337 | D:4      | Noticed Robin
  5361 | D:4      | Identified the +12 falchion "Zifuhyem" {venom, rC- Int+6}
  5395 | D:4      | Killed Robin
  5691 | D:4      | Noticed Grinder
  5807 | D:5      | Found a staircase to the Ecumenical Temple.
  5907 | D:5      | Noticed an ice beast
  5931 | D:6      | Noticed a water moccasin
  5952 | D:6      | Found a broken altar of Ashenzari.
  6568 | D:6      | Reached XP level 7. HP: 30/30 MP: 6/13
  6699 | D:6      | Reached skill level 5 in Dodging
  6699 | D:6      | Reached skill level 5 in Earth Magic
  6816 | D:7      | Found a sacrificial altar of Ru.
  7261 | D:5      | Found Araus's Distillery.
  7738 | D:5      | Noticed Sigmund
  7742 | D:5      | Killed Sigmund
  7743 | D:5      | Reached XP level 8. HP: 35/35 MP: 6/15
  8101 | D:5      | Found a hazy altar of Hepliaklqana.
  8377 | D:6      | Found a radiant altar of Vehumet.
  8382 | D:6      | Became a worshipper of Vehumet
  8595 | D:6      | Reached skill level 6 in Dodging
  8823 | D:6      | Found a glowing golden altar of the Shining One.
  9570 | D:6      | Noticed Pikel
  9856 | D:6      | Killed Pikel
  9857 | D:6      | Reached XP level 9. HP: 39/39 MP: 6/17
 10503 | D:4      | Found a runed translucent door.
 10504 | D:4      | Found a basalt altar of Yredelemnul.
 10516 | D:4      | Learned a level 4 spell: Petrify
 10621 | D:6      | Reached skill level 7 in Dodging
 10795 | D:7      | Reached skill level 5 in Spellcasting
 11239 | D:7      | Noticed Maggie
 11247 | D:7      | Killed Maggie
 11248 | D:7      | Reached skill level 5 in Fighting
 12201 | D:7      | Noticed Menkaure
 12206 | D:7      | Killed Menkaure
 12493 | D:8      | Noticed Maurice
 12502 | D:8      | Killed Maurice
 12503 | D:8      | Reached skill level 8 in Dodging
 12552 | D:8      | Found a sand-covered staircase.
 12557 | Ossuary  | Entered an ossuary
 14016 | D:8      | Reached * piety under Vehumet
 14016 | D:8      | Offered knowledge of Foxfire by Vehumet.
 14302 | D:8      | Reached XP level 10. HP: 45/45 MP: 11/19
 15207 | D:8      | Reached skill level 5 in Conjurations
 15723 | D:9      | Found a staircase to the Lair.
 15740 | D:9      | Noticed a two-headed ogre
 15747 | D:9      | Found a large runed translucent door.
 15892 | D:9      | Found a large runed translucent door.
 15893 | D:9      | Noticed a green ugly thing
 15902 | D:9      | Noticed Grum
 15908 | D:9      | Killed Grum
 16103 | D:9      | Found a large runed translucent door.
 16103 | D:9      | Found a large runed translucent door.
 16130 | D:9      | Reached skill level 9 in Dodging
 16783 | D:9      | Noticed a cyan ugly thing
 16813 | D:9      | Killed a green ugly thing
 17151 | D:8      | Slain by a troll
 17152 | D:8      | Reached XP level 9. HP: -1/42 MP: 3/19
 17178 | D:9      | Found a snail-covered altar of Cheibriados.
 17293 | D:9      | Noticed a two-headed ogre
 17336 | D:9      | Killed a two-headed ogre
 17509 | D:9      | Killed a two-headed ogre
 17510 | D:9      | Reached XP level 10. HP: 47/47 MP: 12/21
 18239 | D:9      | Learned a level 5 spell: Iskenderun's Battlesphere
 18488 | D:10     | Entered Level 10 of the Dungeon
 18498 | D:9      | Reached skill level 10 in Dodging
 19465 | D:10     | Noticed a gargoyle
 19599 | D:10     | Killed from afar by a gargoyle
 19600 | D:10     | Reached XP level 9. HP: 0/43 MP: 0/20
 19606 | D:10     | Killed a gargoyle
 19789 | D:11     | Offered knowledge of Poisonous Vapours by Vehumet.
 19827 | D:11     | Noticed a two-headed ogre
 19832 | D:11     | Killed a two-headed ogre
 19833 | D:11     | Reached XP level 10. HP: 47/47 MP: 8/21
 19950 | D:11     | Noticed Snorg
 19959 | D:11     | Killed Snorg
 19959 | D:11     | Reached ** piety under Vehumet
 20881 | D:12     | Noticed Josephine
 20881 | D:12     | Noticed a brown ugly thing
 21188 | D:12     | Killed from afar by Josephine

Illustrated notes

Levels and vault maps discovered:
D:1:      erik_arrival_orb_chamber, layout_rooms,
          hellmonk_ecumenical_altar_leap_of_faith
D:2:      layout_loops_ring, minivault_27, minmay_small_reverse_x
D:3:      layout_loops_ring, nicolae_uskayaw_en_pointe, lemuel_tele_altar,
          wad_rectangle_vault
D:4:      layout_loops_ring, mainiacjoe_overflow_alcove_4,
          dk_yredelemnul_ordeal, grunt_ministairs_6, uniq_grinder, uniq_robin
D:5:      layout_basic, mainiacjoe_overflow_cross_hatched,
          minmay_temple_entry_from_below_a, serial_shops, nicolae_shop_trees,
          dk_vineyard_3, uniq_sigmund
D:6:      layout_loops_ring, lemuel_mausoleum_altar_kikubaaqudgha,
          lemuel_doored_altar, mainiacjoe_overflow_big_doors, uniq_pikel
D:7:      layout_cave_pods, lemuel_round_altar, serial_column_ruins,
          column_ruins_circle_medium, column_ruins_open_small,
          column_ruins_open_small, column_ruins_open_small,
          column_ruins_open_small, column_ruins_corridor_corner,
          column_ruins_open_small, uniq_menkaure, uniq_maggie
D:8:      layout_loops_ring, enter_ossuary_2, uniq_maurice
D:9:      layout_small_grid, overflow_temple_1_default, david_lair_shrubbed,
          minmay_hollow_rounded_squares, uniq_grum
D:10:     layout_basic, serial_bayou_lagoon_a
D:11:     minmay_the_grid_3x2 [minmay_the_grid_minigrid_large,
          minmay_the_grid_outer_diamond, minmay_the_grid_small_cups,
          minmay_the_grid_outer_circle, minmay_the_grid_doors,
          minmay_the_grid_prize_trominoes], layout_basic, uniq_snorg
D:12:     minmay_tearing_corner, layout_loops_corners, st_stairs_12,
          uniq_josephine, uniq_erolcha

Skill      XL: |  1  2  3  4  5  6  7  8  9 10 |
---------------+-------------------------------+-----
Dodging        | 3 4 5 6 8 10 | 10.8
Earth Magic    | 3 4 5 6 9 |  9.6
Fighting       | 1 2 3 4 7 6 |  7.9
Spellcasting   | 3 4 5 7 |  7.6
Conjurations   | 1 2 3 4 6 |  6.8
Stealth        | |  2.8
Transmutations | |  1.3

Action                   |  1- 3 |  4- 6 |  7- 9 | 10-12 || total
-------------------------+-------+-------+-------+-------++-------
Melee: Unarmed           |     7 |    12 |     3 |     8 ||    30
       Bite              |       |     1 |     2 |     1 ||     4
 Cast: Sandblast         |    59 |   126 |    55 |    45 ||   285
       Stone Arrow       |       |     4 |   137 |   138 ||   279
       Passwall          |       |     1 |     2 |       ||     3
       Petrify           |       |       |       |     5 ||     5
Evoke: Wand              |       |     1 |     1 |     7 ||     9
  Use: Potion            |       |     3 |     2 |       ||     5
       Scroll            |       |     1 |     2 |     2 ||     5
Armor: Skin              |       |     7 |     4 |     2 ||    13
Dodge: Dodged            |    34 |    89 |    54 |    77 ||   254
